 Dungeon Crawl Stone Soup version 0.30.0-20-g3b4254fcbd (webtiles) character file.

Game seed: 2236230903438480246

21653 Elliot the Blocker (level 12, -4/99 (106) HPs)
             Began as a Minotaur Berserker on June 2, 2023.
             Was a High Priest of Trog.
             Slain by an orc warrior
             ... wielding a +0 war axe
              (7 damage)
             ... on level 1 of the Orcish Mines.
             The game lasted 00:46:10 (17364 turns).

Elliot the Blocker (Minotaur Berserker)            Turns: 17364, Time: 00:46:10

HP:   -4/99 (106)   AC: 23    Str: 31    XL:     12   Next: 56%
MP:   11/11         EV: 12    Int:  4    God:    Trog [*****.]
Gold: 162           SH:  0    Dex: 12    Spells: 11/11 levels left

rFire   . . .        a - +10 dark maul {heavy}
rCold   . . .        (shield currently unavailable)
rNeg    . . .        P - +0 chain mail
rPois   .            t - +0 hat {SInv}
rElec   .            G - +2 cloak
rCorr   .            f - +0 pair of gloves
SInv    +            y - +0 pair of boots
Will    .....        m - amulet of regeneration Stlth
                     u - +6 ring of strength
HPRegen 1.16/turn    e - +4 ring of protection
MPRegen 0.12/turn

%: no passive effects
@: on berserk cooldown, slowed, drained, very slow
A: horns 2, retaliatory headbutt
a: Renounce Religion, Berserk, Trog's Hand, Brothers in Arms


You were on level 1 of the Orcish Mines.
You worshipped Trog.
Trog was extremely pleased with you.
You visited 2 branches of the dungeon, and saw 13 of its levels.

You collected 1123 gold pieces.
You spent 961 gold pieces at shops.

Inventory:

Hand Weapons
 a - the +10 dark maul (weapon) {heavy}
   (You bought it in a shop on level 10 of the Dungeon)
 n - a +8 dagger of venom
 q - a +1 dagger of draining
 N - the +9 short sword "Vaq Awoha" {flame, rPois rN+ Will+++ Dex-4}
   (You found it on level 10 of the Dungeon)

   Dex:       It affects your dexterity (-4).
   rPois:     It protects you from poison.
   rN:        It protects you from negative energy.
   Will:      It greatly increases your willpower.
 R - a +4 short sword
 S - a +3 mace
Missiles
 L - 6 curare-tipped darts (quivered)
Armour
 f - a +0 pair of gloves (worn)
 t - a +0 hat of see invisible (worn)
 y - a +0 pair of boots (worn)
 A - a +1 kite shield
 G - a +2 cloak (worn)
 P - a +0 chain mail (worn)
 X - a +3 ring mail of fire resistance
Jewellery
 b - a ring of resist corrosion
 e - a +4 ring of protection (right hand)
 g - a +6 ring of strength
 m - an amulet of regeneration (around neck)
 u - a +6 ring of strength (left hand)
Wands
 j - a wand of charming (12)
 D - a wand of mindburst (6)
Scrolls
 c - 6 scrolls of teleportation
 k - 4 scrolls of noise
 v - 11 scrolls of identify
 C - a scroll of brand weapon
 E - 2 scrolls of fear
 I - a scroll of enchant armour
 J - a scroll of magic mapping
 M - 3 scrolls of enchant weapon
 O - 2 scrolls of fog
 Q - a scroll of poison
Potions
 d - 4 potions of mutation
 h - 7 potions of curing
 i - 3 potions of resistance
 l - 6 potions of heal wounds
 o - 3 potions of might
 p - 2 potions of lignification
 w - 3 potions of flight {unknown}
 z - a potion of ambrosia {unknown}
 F - 2 potions of attraction {unknown}
 Z - 2 potions of cancellation


   Skills:
 + Level 9.9 Fighting
 + Level 10.5 Short Blades
 + Level 5.2(5.3) Axes
 + Level 1.3(3.5) Maces & Flails
 + Level 12.5 Armour
 + Level 8.3 Dodging
 + Level 2.6 Stealth
 + Level 13.1 Shields


You had 11 spell levels left.
You didn't know any spells.
Your spell library contained the following spells:

 Spells                   Type           Power      Damage    Failure   Level
 Slow                     Hex            0%         N/A       86%         1
 Cigotuvi's Dreadful Rot  Necr/Pois/Air  0%         N/A       94%         2
 Confusing Touch          Hex            0%         N/A       99%         3
 Dazzling Flash           Conj/Hex       0%         N/A       99%         3
 Vampiric Draining        Necr           0%         2d6       99%         3
 Dispel Undead            Necr           0%         3d6       100%        4
 Leda's Liquefaction      Hex/Erth       0%         N/A       100%        4
 Agony                    Necr           0%         N/A       100%        5
 Blade Hands              Tmut           0%         N/A       100%        5
 Irradiate                Conj/Tmut      0%         3d11      100%        5
 Lee's Rapid Deconstruct  Erth           0%         3d4*      100%        5
 Silence                  Hex/Air        0%         N/A       100%        5
 Death Channel            Necr           0%         N/A       100%        6
 Statue Form              Tmut/Erth      0%         N/A       100%        6
 Dragon Form              Tmut           0%         N/A       100%        7


Dungeon Overview and Level Annotations

Branches:
Dungeon (12/15)            Temple (0/1) D:6            Lair (0/5) D:11
    Orc (1/2) D:9

Altars:
Ashenzari
Cheibriados
Elyvilon
Fedhas
Gozag
Hepliaklqana
Makhleb
Nemelex Xobeh
Qazlal
Ru
Trog
Uskayaw
Wu Jian
Yredelemnul
Zin

Shops:
D:4 =   D:9 :[   D:10 (


Innate Abilities, Weirdness & Mutations

You have a pair of horns on your head.
You reflexively headbutt those who attack you in melee.


Message History

An orc warrior comes into view. It is wielding a +0 trident.
The orc knight roars a battlecry!
The orcs go into a battle-frenzy!
The orc warrior hits you with a +0 war axe!
An orc priest comes into view. It is wielding a +0 whip.
An orc warrior comes into view. It is wielding a +0 glaive.
The orc closely misses you.
The orc priest mumbles some strange prayers to Beogh against you.
Beogh smites you!
The orc knight unwields a +0 battleaxe.
The orc knight wields a +0 arbalest.
The orc knight shoots a bolt.
The bolt misses you.
The bolt hits the orc!!
The orc dies!
The orc warrior barely misses you.
The orc priest shouts!
The orc wizard shouts!
You feel less confused.
The orc warrior shouts!
The orc priest shouts!
You hear a shout!
The orc warrior hits you with a +0 war axe.
The orc barely misses you.
An orc priest comes into view. It is wielding a +0 trident.
The orc warrior hits you with a +0 glaive!!
* * * LOW HITPOINT WARNING * * *
The orc knight roars a battlecry!
The orc goes into a battle-frenzy!
You beat the orc like a drum!!!!
You kill the orc!
Trog accepts your kill.
You are no longer berserk.
You are exhausted.
You feel yourself slow down.
The orc priest mumbles some strange prayers to Beogh against you.
Beogh smites you!
* * * LOW HITPOINT WARNING * * *
The orc warrior hits you with a +0 glaive!
* * * LOW HITPOINT WARNING * * *
The orc priest invokes the aid of Beogh against you.
Pain shoots through your body!
* * * LOW HITPOINT WARNING * * *
The orc warrior barely misses you.
The orc warrior hits you with a +0 war axe!
You die...

o.o..>........##
ooo...........$#
............#.#
.ooo.........###
...>.o......##$##
......).o...#...#
.....ooo.......#
#....o@o.....##
#....ooo......#
........oo>....#
#.#.......))..##
. #.#..$.).<###
.........)..#
...$##.....$##
##.. ####...$
##..##


You could see an orc knight, 4 orc warriors, 7 orc priests, an orc wizard
(strong) and 5 orcs.

Vanquished Creatures
  Gastronok (D:11)
  A hydra (D:8)
  An ogre mage (D:10)
  A boulder beetle (D:11)
  A centaur warrior (D:10)
  8 two-headed ogres
  A swamp dragon (D:10)
  A wizard (D:10)
  A deep elf pyromancer (D:8)
  2 ugly things (D:12)
  3 cyclopes
  A komodo dragon (D:10)
  An efreet (D:10)
  3 trolls
  4 shadows
  A slime creature (D:10)
  2 vampires
  A wyvern (D:10)
  3 wraiths
  13 yaks
  A vampire mosquito (D:8)
  A steam dragon (D:7)
  2 acid dragons (D:8)
  A water moccasin (D:8)
  2 sky beasts
  5 black bears
  5 orc warriors
  2 ogres
  A centaur (D:9)
  A phantom (D:4)
  2 kobold brigands
  8 bullfrogs
  2 scorpions
  A wyvern zombie (D:6)
  14 wights (D:9)
  24 killer bees
  An electric eel (D:10)
  2 howler monkeys (D:7)
  5 bullfrog zombies (D:6)
  5 orc priests
  2 hounds
  Crazy Yiuf (D:7)
  A sleepcap (D:6)
  3 iguanas
  Jessica (D:3)
  11 orc wizards
  A killer bee zombie (D:6)
  Robin (D:2)
  6 adders
  4 gnolls (D:4)
  2 river rats (D:4)
  3 worms
  4 dart slugs (D:1)
  44 orcs
  8 ball pythons
  6 bats
  8 endoplasms
  4 giant cockroaches
  19 goblins
  11 hobgoblins
  16 kobolds
  4 quokkas
  7 rats
302 creatures vanquished.

Vanquished Creatures (others)
  An orc (Orc:1)
1 creature vanquished.

Grand Total: 303 creatures vanquished

Notes
Turn   | Place    | Note
-------+----------+-------------------------------------------
     0 | D:1      | Elliot the Minotaur Berserker began the quest for the Orb.
     0 | D:1      | Reached XP level 1. HP: 19/19 MP: 0/0
    43 | D:1      | Reached XP level 2. HP: 13/27 MP: 1/1
   566 | D:1      | Reached XP level 3. HP: 33/33 MP: 2/2
   789 | D:1      | Reached ** piety under Trog
  1019 | D:2      | Noticed Robin
  1041 | D:2      | Killed Robin
  1042 | D:2      | Reached XP level 4. HP: 21/41 MP: 3/3
  1580 | D:2      | Reached skill level 5 in Axes
  1610 | D:2      | Found a faded altar of an unknown god.
  1792 | D:3      | Found an ornate altar of the Wu Jian Council.
  2631 | D:3      | Reached XP level 5. HP: 45/47 MP: 4/4
  2825 | D:3      | Reached *** piety under Trog
  3151 | D:3      | Noticed Jessica
  3157 | D:3      | Killed Jessica
  3158 | D:3      | Reached skill level 1 in Short Blades
  3727 | D:4      | Found Udghex's Jewellery Shop.
  3839 | D:4      | Reached XP level 6. HP: 47/53 MP: 5/5
  4071 | D:4      | Reached skill level 1 in Stealth
  4592 | D:5      | Entered Level 5 of the Dungeon
  4596 | D:5      | Reached skill level 1 in Shields
  4664 | D:5      | Reached skill level 5 in Fighting
  4664 | D:5      | Reached skill level 5 in Armour
  4664 | D:5      | Reached XP level 7. HP: 58/61 MP: 6/6
  4704 | D:5      | Reached **** piety under Trog
  4705 | D:5      | Reached skill level 2 in Shields
  5425 | D:6      | Found a blossoming altar of Fedhas.
  5614 | D:6      | Found a bloodstained altar of Trog.
  5616 | D:6      | Found a staircase to the Ecumenical Temple.
  5639 | D:6      | Reached skill level 3 in Shields
  5733 | D:6      | Reached skill level 5 in Dodging
  6290 | D:6      | Found a hide-covered altar of Uskayaw.
  6302 | D:6      | Reached XP level 8. HP: 68/68 MP: 7/7
  6467 | D:6      | Found a basalt altar of Yredelemnul.
  6635 | D:6      | Found a hazy altar of Hepliaklqana.
  6640 | D:6      | Found a sacrificial altar of Ru.
  6640 | D:6      | Found a white marble altar of Elyvilon.
  6640 | D:6      | Found a glowing silver altar of Zin.
  6641 | D:6      | Found a sparkling altar of Nemelex Xobeh.
  6642 | D:6      | Found an opulent altar of Gozag.
  6878 | D:7      | Reached skill level 4 in Shields
  6922 | D:7      | Reached skill level 5 in Short Blades
  6926 | D:7      | Reached skill level 5 in Shields
  7479 | D:7      | Found a runed translucent door.
  7480 | D:7      | Noticed Crazy Yiuf
  7487 | D:7      | Killed Crazy Yiuf
  7534 | D:7      | Identified the +1 arbalest of Arriujui {freeze, Str+2}
  8273 | D:8      | Reached XP level 9. HP: 75/75 MP: 8/8
  8536 | D:8      | Found a snail-covered altar of Cheibriados.
  9056 | D:8      | Found a broken altar of Ashenzari.
  9090 | D:8      | Reached skill level 6 in Shields
  9630 | D:8      | Noticed a deep elf pyromancer
  9638 | D:8      | Killed a deep elf pyromancer
  9664 | D:8      | Noticed a seven-headed hydra
  9672 | D:8      | Killed a seven-headed hydra
  9673 | D:8      | Reached skill level 7 in Shields
  9922 | D:8      | Reached XP level 10. HP: 82/84 MP: 9/9
 10065 | D:8      | Found a burning altar of Makhleb.
 10464 | D:9      | Reached skill level 8 in Shields
 11050 | D:9      | Found Cytas's Book Boutique.
 11059 | D:9      | Found a staircase to the Orcish Mines.
 11059 | D:9      | Noticed a two-headed ogre
 11070 | D:9      | Found Juef's Armour Emporium.
 11074 | D:9      | Killed a two-headed ogre
 11254 | D:9      | Found a stormy altar of Qazlal.
 11277 | D:9      | Identified the +0 robe "Xewien" {rF- Str+4 Int+8 SInv}
 11280 | D:9      | You fall into a shaft and drop 3 floors!
 11422 | D:12     | Noticed a two-headed ogre
 11422 | D:12     | Noticed a red ugly thing
 11434 | D:12     | Killed a two-headed ogre
 11435 | D:12     | Reached skill level 9 in Shields
 11442 | D:12     | Killed a red ugly thing
 11760 | D:12     | Reached skill level 10 in Armour
 11925 | D:12     | Noticed a purple ugly thing
 11940 | D:12     | Killed a purple ugly thing
 11941 | D:12     | Reached XP level 11. HP: 90/94 MP: 10/10
 12178 | D:12     | Noticed a two-headed ogre
 12188 | D:12     | Killed a two-headed ogre
 12304 | D:12     | Noticed a two-headed ogre
 12315 | D:12     | Killed a two-headed ogre
 12316 | D:12     | Reached skill level 10 in Shields
 12361 | D:12     | Noticed a two-headed ogre
 12362 | D:12     | Noticed a two-headed ogre
 12371 | D:12     | Killed a two-headed ogre
 12386 | D:12     | Killed a two-headed ogre
 12641 | D:11     | Noticed Gastronok
 12682 | D:11     | Killed Gastronok
 12731 | D:11     | Reached skill level 11 in Shields
 12943 | D:11     | Noticed a two-headed ogre
 12952 | D:11     | Killed a two-headed ogre
 12955 | D:11     | Reached ***** piety under Trog
 13137 | D:11     | Found a staircase to the Lair.
 13293 | D:11     | Noticed a boulder beetle
 13313 | D:11     | Killed a boulder beetle
 13423 | D:11     | Identified the +2 robe of Xom, Bashing {MP+9}
 13571 | D:11     | Reached skill level 10 in Short Blades
 13924 | D:10     | Entered Level 10 of the Dungeon
 13955 | D:10     | Reached XP level 12. HP: 99/105 MP: 11/11
 14176 | D:10     | Reached skill level 12 in Shields
 14607 | D:10     | Noticed an ogre mage
 15025 | D:10     | Found Fut Meas's Weapon Shoppe.
 15070 | D:10     | Noticed a two-headed ogre
 15080 | D:10     | Killed a two-headed ogre
 15819 | D:10     | Identified the +9 short sword "Vaq Awoha" {flame, rPois rN+
                  | Will+++ Dex-4}
 15819 | D:10     | Identified the staff of earth "Namicoag" {Int+2}
 16022 | D:10     | Killed an ogre mage
 16063 | D:10     | Identified the +8 shortbow "Uboxar" {drain, Will- Str+6}
 16063 | D:10     | Noticed a centaur warrior
 16077 | D:10     | Killed a centaur warrior
 16620 | D:10     | Reached skill level 13 in Shields
 16789 | D:10     | Bought the +10 dark maul {heavy} for 961 gold pieces
 16789 | D:10     | Found the +10 dark maul {heavy}
 17350 | Orc:1    | Entered Level 1 of the Orcish Mines
 17355 | Orc:1    | Reached skill level 1 in Maces & Flails
 17364 | Orc:1    | HP: 4/99 [orc warrior/+0 glaive (17)]
 17364 | Orc:1    | Slain by an orc warrior

Illustrated notes

Levels and vault maps discovered:
D:1:      psy_arrival_basics, layout_basic
D:2:      layout_basic, hellmonk_ecumenical_altar_run_dry,
          chequers_serial_rivers_micro_d, uniq_robin
D:3:      layout_loops_corners, lemuel_round_altar, uniq_jessica
D:4:      layout_loops_ring, portal_sewer_entry_e, serial_shops,
          nicolae_shop_tiny_statue_garden
D:5:      layout_basic
D:6:      layout_rooms, nicolae_yredelemnul_corpse_copse, minitemple,
          fedhas_altar_1, mainiacjoe_overflow_six_doors_small,
          minmay_temple_entry_wispy, serial_corexii_hall,
          corexii_hall_statues_x, corexii_hall_statues_i,
          corexii_hall_statues_x, corexii_hall_statues_t
D:7:      layout_rooms, uniq_crazy_yiuf_cottage
D:8:      layout_gridville, kennysheep_mini, mainiacjoe_overflow_catwalk,
          mainiacjoe_overflow_brackets, kb_rosetta
D:9:      layout_basic, mainiacjoe_overflow_boulevard, orc_david_3,
          serial_shops, shop
D:10:     layout_long_grid, serial_shops, shop, kennysheep_minor_cross,
          minmay_the_grid_2x2 [minmay_the_grid_mess, minmay_the_grid_dragon_a,
          minmay_the_grid_aliased_spiral, minmay_the_grid_prize_shrinking_boxes]
D:11:     layout_roguey, grunt_lair_entry_orc_guard_hut, interstate_on_off,
          uniq_gastronok
D:12:     layout_loops_ring, kennysheep_small_spiral, serial_park_tiny_pond
Orc:1:    layout_caves, serial_shops, nicolae_shop_window_shopping,
          uniq_nergalle

Skill      XL: |  1  2  3  4  5  6  7  8  9 10 11 12 |
---------------+-------------------------------------+-----
Axes           | 4 5 |  5.2
Fighting       | 4 5 6 8 9 |  9.9
Dodging        | 3 4 5 6 7 8 |  8.3
Short Blades   | 1 2 3 5 7 8 10 | 10.5
Armour         | 3 5 6 8 10 11 12 | 12.5
Stealth        | 1 2 |  2.6
Shields        | 1 3 5 7 9 11 13 | 13.1
Maces & Flails | 1 |  1.3

Action                     |  1- 3 |  4- 6 |  7- 9 | 10-12 || total
---------------------------+-------+-------+-------+-------++-------
  Melee: Hand axe          |    64 |       |       |       ||    64
         Headbutt          |    10 |    30 |    36 |   156 ||   232
         Dagger            |       |   151 |   232 |   541 ||   924
         Punch             |       |     2 |       |       ||     2
         Maul              |       |       |       |    28 ||    28
         Short sword       |       |       |       |    26 ||    26
 Invoke: Berserk           |     2 |     1 |     5 |     7 ||    15
    Use: Scroll            |     2 |     6 |    10 |     6 ||    24
         Potion            |       |       |     1 |     7 ||     8
 Armour: Animal skin       |    35 |    12 |       |       ||    47
         Leather armour    |       |     4 |       |       ||     4
         Ring mail         |       |    48 |   122 |       ||   170
         Scale mail        |       |       |    52 |       ||    52
         Chain mail        |       |       |    11 |   245 ||   256
  Dodge: Dodged            |    65 |    95 |   171 |   236 ||   567
  Block: Buckler           |       |     9 |       |       ||     9
         Kite shield       |       |    15 |   163 |   260 ||   438
